 Dungeon Crawl Stone Soup version 0.27.0-65-ge2af304b15 (webtiles) character file.

Game seed: 241617399714416379

425 canonizer the Chopper (level 6, -5/39 HPs)
             Began as a Gargoyle Berserker on Aug 18, 2021.
             Was a Believer of Trog.
             Slain by Edmund (10 damage)
             ... on level 4 of the Dungeon.
             The game lasted 00:04:32 (2826 turns).

canonizer the Chopper (Gargoyle Berserker)          Turns: 2826, Time: 00:04:32

Health: -5/39      AC:  8    Str: 28    XL:     6   Next: 96%
Magic:  6/6        EV: 12    Int:  8    God:    Trog [**....]
Gold:   36         SH:  0    Dex:  9    Spells: 5/5 levels left

rFire    . . .     SeeInvis .   a - +0 hand axe
rCold    + . .     Faith    .   (no shield)
rNeg     + . .     Spirit   .   b - +0 animal skin
rPois    ∞         Reflect  .   e - +0 helmet
rElec    +         Harm     .   (no cloak)
rCorr    .         Rampage  .   (no gloves)
Will     .....                  k - +0 pair of boots
Stlth    ++........             (no amulet)
HPRegen  0.13/turn              n - ring of protection from cold
MPRegen  0.10/turn              o - +6 ring of strength

@: on berserk cooldown, slowed, very slow
A: sickness immunity, AC +4, negative energy resistance 1, electricity
resistance, torment resistance 1, petrification resistance
a: Renounce Religion, Berserk, Trog's Hand


You were on level 4 of the Dungeon.
You worshipped Trog.
Trog was pleased with you.
You visited 1 branch of the dungeon, and saw 4 of its levels.

You collected 105 gold pieces.
You spent 69 gold pieces at shops.

Inventory:

Hand Weapons
 a - a +0 hand axe (weapon)
Armour
 b - a +0 animal skin (worn)
 e - a +0 helmet (worn)
 k - a +0 pair of boots (worn)
Jewellery
 n - a ring of protection from cold (left hand)
 o - a +6 ring of strength (right hand)
Scrolls
 c - a scroll of teleportation
 i - a scroll of identify
Potions
 f - 2 potions of flight
 h - 2 potions of brilliance {unknown}
 j - 2 potions of curing {unknown}
 l - a potion of might {unknown}
 m - a potion of haste {unknown}


   Skills:
 + Level 4.6 Fighting
 + Level 5.2 Axes
 + Level 2.3 Armour
 + Level 3.1 Dodging
 + Level 1.6 Stealth


You had 5 spell levels left.
You didn't know any spells.
Your spell library was empty.

Dungeon Overview and Level Annotations

Branches:
Dungeon (4/15)
 Temple: D:4-7

Altars:
Nemelex Xobeh
Trog
Vehumet

Shops:
D:3 *

Annotations:
D:4 Edmund


Innate Abilities, Weirdness & Mutations

You are immune to sickness and miasma.
Your stone body is resilient. (AC +4)
You are immune to poison.
You resist negative energy. (rN+)
You are resistant to electric shocks. (rElec)
You are resistant to unholy torment.
You are immune to petrification.


Message History

You closely miss the ogre.
The ogre is severely wounded.
You hit Edmund. You slash the iguana!
You kill the iguana!
Trog accepts your kill.
Unknown command.
You slash the ogre!
You kill the ogre!
Trog accepts your kill.
You closely miss Edmund.
Edmund hits you with a +4 flail of venom.
Your Axes skill increases to level 5!
Unknown command.
Edmund hits you with a +4 flail of venom!
You see here a +0 giant club.
You barely miss Edmund.
Edmund is heavily wounded.
Edmund hits you with a +4 flail of venom.
You slash Edmund!
Edmund is almost dead.
You completely miss Edmund.
Edmund is almost dead.
Edmund completely misses you.
You hit Edmund.
Edmund is almost dead.
Edmund hits you with a +4 flail of venom.
* * * LOW HITPOINT WARNING * * *
You barely miss Edmund.
Edmund is almost dead.
Edmund hits you with a +4 flail of venom!
* * * LOW HITPOINT WARNING * * *
You hit Edmund but do no damage.
Edmund is almost dead.
You are no longer berserk.
You are exhausted.
You feel yourself slow down.
You closely miss Edmund.
Edmund is almost dead.
Edmund hits you with a +4 flail of venom!
You die...

#..###...#### ...
##...... ### .
#.####. #.. ##.#
#.# #######..#
#.####.# #........#
.......###.######.#
##.###.†....# #.#
#...$..@@..## #.#
#..........# #.#
#..........# #.#
#..........# #.#
#..........>. ..
#..........###
####....#### ####.#


You could see Edmund.

Vanquished Creatures
  A necrophage (D:4)
  2 ogres
  A hound (D:4)
  2 iguanas (D:4)
  5 adders
  2 dart slugs (D:1)
  An orc (D:3)
  4 ball pythons
  3 endoplasms
  3 giant cockroaches
  3 goblins
  5 hobgoblins
  5 jackals
  3 kobolds
  A quokka (D:3)
  3 bats
  4 frilled lizards (D:3)
  A rat (D:2)
49 creatures vanquished.

Notes
Turn   | Place    | Note
-------+----------+-------------------------------------------
     0 | D:1      | canonizer the Gargoyle Berserker began the quest for the
                  | Orb.
     0 | D:1      | Reached XP level 1. HP: 14/14 MP: 1/1
   468 | D:1      | Reached XP level 2. HP: 19/19 MP: 2/2
   514 | D:1      | Reached skill level 3 in Axes
   795 | D:2      | Reached XP level 3. HP: 11/24 MP: 3/3
  1158 | D:2      | Found a faded altar of an unknown god.
  1555 | D:3      | Found a radiant altar of Vehumet.
  1567 | D:3      | Reached XP level 4. HP: 29/29 MP: 4/4
  1706 | D:3      | Reached ** piety under Trog
  1761 | D:3      | Noticed an ogre
  1771 | D:3      | Killed an ogre
  1772 | D:3      | Reached skill level 4 in Axes
  1772 | D:3      | Reached XP level 5. HP: 29/33 MP: 5/5
  1890 | D:3      | Found Esiramn's Assorted Antiques.
  2049 | D:3      | Found a sparkling altar of Nemelex Xobeh.
  2387 | D:3      | Found a bloodstained altar of Trog.
  2480 | D:3      | Bought a scroll labelled PIJYFI VOYCH for 23 gold pieces
  2480 | D:3      | Bought a scroll labelled ENISOSTRICI for 23 gold pieces
  2480 | D:3      | Bought a scroll labelled ERHEUH PIOST for 23 gold pieces
  2632 | D:4      | Noticed a necrophage
  2639 | D:4      | Killed a necrophage
  2640 | D:4      | Reached skill level 1 in Stealth
  2640 | D:4      | Reached XP level 6. HP: 39/39 MP: 6/6
  2805 | D:4      | Noticed Edmund
  2819 | D:4      | Reached skill level 5 in Axes
  2826 | D:4      | Slain by Edmund

Illustrated notes

Levels and vault maps discovered:
D:1:      sevenhm_arrival_forest_fort_small_5, layout_basic
D:2:      layout_basic, hellmonk_ecumenical_altar_arch_garden, serial_shops,
          shop
D:3:      layout_basic, lemuel_tele_altar, nemelex_diamond_rough_becter,
          mainiacjoe_overflow_alcove_1, serial_shops,
          nicolae_shop_window_shopping, kennysheep_pointless_box,
          minmay_fractal_squares_gapless_5
D:4:      layout_rooms, nicolae_yredelemnul_corpse_copse, uniq_eustachio,
          uniq_edmund

Skill      XL: |  1  2  3  4  5  6 |
---------------+-------------------+-----
Axes           | 3 4 5 |  5.2
Dodging        | 2 3 |  3.1
Fighting       | 4 |  4.6
Stealth        | 1 |  1.6
Armour         | |  2.3

Action                   |  1- 3 |  4- 6 || total
-------------------------+-------+-------++-------
Melee: Hand axe          |   104 |   101 ||   205
Invok: Berserk           |     1 |     5 ||     6
       Trog's Hand       |       |     1 ||     1
  Use: Scroll            |       |     6 ||     6
Armor: Animal skin       |    51 |    24 ||    75
Dodge: Dodged            |    71 |    76 ||   147
